 Dungeon Crawl Stone Soup version 0.32-a0-981-g384da2ce10 (webtiles) character file.

Game seed: 7042158031980688940

174623 KennySheep the Convoker (level 17, 0/112 HPs)
             Began as a Mountain Dwarf Reaver on Apr 20, 2024.
             Was the Champion of Hepliaklqana.
             Slain by a +1 scimitar of electrocution (14 damage)
             ... on level 1 of the Elven Halls on Apr 21, 2024.
             The game lasted 03:40:40 (34177 turns).

KennySheep the Convoker (Mountain Dwarf Reaver)    Turns: 34177, Time: 03:40:41

Health: 0/112      AC: 16    Str: 19    XL:     17   Next: 45%
Magic:  32/32      EV: 12    Int: 27    God:    Hepliaklqana [******]
Gold:   296        SH:  5    Dex: 16    Spells: 5/39 levels left

rFire   . . .        a - +8 glaive "Newtslayer" {heavy, rPois rN+}
rCold   + . .        (shield currently unavailable)
rNeg    + . .        H - +0 acid dragon scales
rPois   +            u - +0 hat "Ywoorhen" {^Contam rCorr Dex+9}
rElec   .            K - +2 cloak
rCorr   +            d - +0 pair of gloves
SInv    .            D - +0 pair of boots {Fly}
Will    +....        i - amulet of reflection
Stlth   +            X - ring of protection from cold
HPRegen 1.18/turn    J - +6 ring of intelligence
MPRegen 0.23/turn

%: reflection
@: flying
A: reduced essence, runic magic, artefact enchanting, clever 1, frail 1, poison
resistance, regeneration 1
a: Renounce Religion, Recall Ancestor, Ancestor Identity, Transference, Idealise


You were on level 1 of the Elven Halls.
You worshipped Hepliaklqana.
Hepliaklqana was exalted by your worship.
You visited 5 branches of the dungeon, and saw 27 of its levels.
You also visited: Bailey.

You collected 2829 gold pieces.
You spent 2533 gold pieces at shops.

Inventory:

Hand Weapons
 a - the +8 glaive "Newtslayer" (weapon) {heavy, rPois rN+}
   (You bought it in a shop on level 1 of the Orcish Mines)

   rPois:     It protects you from poison.
   rN+:       It protects you from negative energy.
 b - a +0 bardiche
 M - a +4 trident of freezing
Missiles
 r - 4 throwing nets
 t - 10 curare-tipped darts
Armour
 d - a +0 pair of gloves (worn)
 u - the +0 hat "Ywoorhen" (worn) {^Contam rCorr Dex+9}
   (You bought it in a shop on level 6 of the Dungeon)

   Dex+9:     It affects your dexterity (+9).
   ^Contam:   It causes magical contamination when unequipped.
   rCorr:     It protects you from acid and corrosion.
 D - a +0 pair of boots of flying (worn)
 H - +0 acid dragon scales (worn)
 K - a +2 cloak (worn)
Jewellery
 i - an amulet of reflection (around neck)
 z - a +5 ring of evasion
 J - a +6 ring of intelligence (right hand)
 P - a +4 ring of protection
 X - a ring of protection from cold (left hand)
Wands
 g - a wand of polymorph (14)
 h - a wand of paralysis (13)
 k - a wand of digging (4)
 p - a wand of warping (3)
 F - a wand of flame (50)
 L - a wand of mindburst (7)
 Q - a wand of acid (22)
Scrolls
 c - 3 scrolls of silence
 e - 2 scrolls of poison
 f - 2 scrolls of amnesia
 j - 4 scrolls of immolation
 m - 2 scrolls of revelation
 n - 5 scrolls of enchant weapon
 q - 2 scrolls of vulnerability
 x - 3 scrolls of enchant armour
 y - 2 scrolls of noise
 A - 8 scrolls of teleportation
 B - 2 scrolls of fog
 S - 6 scrolls of identify
Potions
 l - 5 potions of attraction
 o - 7 potions of haste
 s - a potion of berserk rage
 v - 4 potions of lignification
 w - 7 potions of curing
 C - 4 potions of enlightenment
 E - 2 potions of magic
 I - a potion of invisibility
 O - a potion of ambrosia
 R - 4 potions of mutation
 T - a potion of brilliance
 V - a potion of cancellation
 W - a potion of might
Miscellaneous
 Y - a lightning rod (4/4)


   Skills:
 + Level 10.1 Fighting
 - Level 3.6 Maces & Flails
 * Level 11.7 Polearms
 - Level 0.3(8.4) Staves
 + Level 12.7 Armour
 + Level 3.5 Dodging
 + Level 11.6 Spellcasting
 - Level 3.1 Conjurations
 - Level 6.0 Hexes
 * Level 18.8 Summonings
 - Level 5.4 Ice Magic


You had 5 spell levels left.
You knew the following spells:

 Your Spells              Type           Power      Damage    Failure   Level
a - Summon Ice Beast      Ice/Summ       69%        N/A       1%          3
b - Passwall              Erth           15%        N/A       12%         3
c - Monstrous Menagerie   Summ           43%        N/A       1%          7
d - Summon Mana Viper     Hex/Summ       70%        N/A       1%          5
e - Dragon's Call         Summ           43%        N/A       86%         9
f - Summon Hydra          Summ           43%        N/A       1%          7

Your spell library contained the following spells:

 Spells                   Type           Power      Damage    Failure   Level
 Summon Small Mammal      Summ           100%       N/A       0%          1
 Call Imp                 Summ           100%       N/A       0%          2
 Call Canine Familiar     Summ           87%        N/A       0%          3
 Kiss of Death            Conj/Necr      96%        2d12      1%          1
 Sting                    Conj/Alch      96%        1d9       1%          1
 Ensorcelled Hibernation  Hex/Ice        92%        N/A       1%          2
 Jinxbite                 Hex            96%        N/A       1%          2
 Confusing Touch          Hex            48%        N/A       1%          3
 Hailstorm                Conj/Ice       38%        3d9       1%          3
 Summon Blazeheart Golem  Fire/Summ      61%        N/A       1%          4
 Apportation              Tloc           30%        N/A       3%          1
 Necrotise                Necr           60%        1d7       3%          1
 Momentum Strike          Conj/Tloc      48%        3d9       3%          2
 Inner Flame              Hex/Fire       31%        N/A       3%          3
 Cause Fear               Hex            24%        N/A       3%          4
 Mercury Vapours          Alch/Air       30%        N/A       6%          2
 Sublimation of Blood     Necr           15%        N/A       6%          2
 Mephitic Cloud           Conj/Alch/Air  21%        N/A       8%          3
 Anguish                  Hex/Necr       15%        N/A       11%         4
 Fugue of the Fallen      Necr           15%        N/A       12%         3
 Swiftness                Air            15%        N/A       12%         3
 Volatile Blastmotes      Fire/Tloc      30%        2d12      12%         3
 Flame Wave               Conj/Fire      24%        2d8       21%         4
 Silence                  Hex/Air        15%        N/A       30%         5
 Freezing Cloud           Conj/Ice/Air   15%        6-21      32%         5
 Dispel Undead            Necr           15%        3d10      36%         4
 Ignite Poison            Fire/Alch      15%        N/A       36%         4
 Leda's Liquefaction      Alch/Erth      7%         N/A       36%         4
 Passage of Golubria      Tloc           15%        N/A       36%         4
 Sticky Flame             Fire/Alch      15%        2d5       36%         4
 Vhi's Electric Charge    Tloc/Air       30%        N/A       36%         4
 Fireball                 Conj/Fire      12%        3d7       50%         5
 Alistair's Intoxication  Alch           10%        N/A       71%         5
 Lee's Rapid Deconstruct  Erth           7%         3d7*      71%         5
 Permafrost Eruption      Ice/Erth       15%        2x4d4     88%         6
 Sculpt Simulacrum        Ice/Alch       15%        N/A       88%         6
 Gell's Gavotte           Tloc           7%         2d(14-21) 99%         6
 Ignition                 Fire           7%         3d5       100%        8
 Lehudib's Crystal Spear  Conj/Erth      12%        10d4      100%        8
 Chain Lightning          Conj/Air       12%        3d16      100%        9
 Fire Storm               Conj/Fire      12%        8d3       100%        9
 Shatter                  Erth           7%         3d10*     100%        9


Dungeon Overview and Level Annotations

Branches:
Dungeon (15/15)            Temple (0/1) D:6            Lair (5/5) D:8
 Shoals (0/4) Lair:2       Spider (4/4) Lair:3        Slime (0/5) Lair:5
    Orc (2/2) D:12            Elf (1/3) Orc:2        Vaults (0/5) D:14
 Depths (0/4) D:15         Bailey (visited)

Altars:
Cheibriados
Elyvilon
Gozag
Hepliaklqana
Kikubaaqudgha
Nemelex Xobeh
Okawaru
Qazlal
Sif Muna
Trog
Uskayaw
Vehumet
Xom
Yredelemnul
Beogh

Shops:
D:6 [   D:9 *   D:13 *   Orc:1 :!(?(   Orc:2 [((=

Annotations:
D:3 3 runed translucent doors, champdelmundo's ghost, weakling AtGl
D:5 1 runed translucent door, Crazy Yiuf
D:8 3 runed translucent doors, Fodor's ghost, novice MiFi
D:10 2 transporters, lucidstorm14's ghost, journeyman MiBe
D:13 3 runed translucent doors, spaghetti's ghost, journeyman NaCK
Lair:3 exclusion: oklob plant
Lair:4 1 runed translucent door, Agan's ghost, journeyman MeSh
Lair:5 1 runed translucent door


Innate Abilities, Weirdness & Mutations

Your life essence is reduced to manifest your ancestor. (-10% HP)
Your spellcasting is much less encumbered by armour.
You can use scrolls of enchantment on lesser artefacts.
Your mind is acute. (Int +4, Str/Dex -1)
You are frail. (-10% HP)
Your system is resistant to poisons. (rPois)
Your natural rate of healing is unusually fast.


Message History

You barely miss the deep elf zephyrmancer.
The deep elf zephyrmancer is severely wounded.
The deep elf zephyrmancer hits you with a +0 long sword.
The deep elf knight points at you and mumbles some strange words.
The shard of ice hits you!! You partially resist.
You block the +1 scimitar of electrocution's attack.
The deep elf zephyrmancer points at you and mumbles some strange words.
The bolt of lightning hits you!!
A deep elf zephyrmancer comes into view.
It is wielding a +0 short sword.
Manbus hits the deep elf zephyrmancer with a +0 broad axe of flaming!
Manbus burns the deep elf zephyrmancer.
The deep elf zephyrmancer dies!
Manbus barely misses the +1 scimitar of electrocution.
The +1 scimitar of electrocution hits you!!
* * * LOW HITPOINT WARNING * * *
You hear a shout! x4
Okay, then.
As you read the scroll of fear, it crumbles to dust.
You assume a fearsome visage.
The deep elf zephyrmancer looks frightened!
The deep elf knight looks frightened!
The deep elf sorcerer resists with almost no effort.
The +1 scimitar of electrocution is unaffected.
You block the +1 scimitar of electrocution's attack.
The deep elf zephyrmancer casts a spell.
The deep elf zephyrmancer blinks!
A deep elf knight comes into view. It is wielding a +0 short sword.
The deep elf sorcerer mumbles some strange words.
The deep elf sorcerer seems to speed up.
The deep elf knight mumbles some strange words.
The deep elf knight flickers and vanishes!
Deactivating autopickup; reactivate with Ctrl-A.
As you read the scroll of fog, it dissolves into smoke.
The +1 scimitar of electrocution hits you but does no damage.
You are electrocuted!
* * * LOW HITPOINT WARNING * * *
Manbus completely misses the +1 scimitar of electrocution.
The +1 scimitar of electrocution hits you!
You die...
Hepliaklqana delivers you to your ancestors.

#...#...# # #.§
#.####.## #. .e #.#.##.#
#.# ..# ###..#.#.# ##...
e. #...###..##
...#.####'####.#..#.....
.........)........####
#.§§§#....####.##
##R@§..#### #.# ##(§.##
#.# #.........# #
#.........# #...#####.#
#...# # ..... ##....
#....


You could see the friendly Manbus the knight, a deep elf sorcerer (fast), a deep
elf knight and a +1 scimitar of electrocution (ally target).

Vanquished Creatures
  Jorgrun (Orc:2)
  Frances (Spider:1)
  A broodmother (Spider:1)
  An ettin (Orc:2)
  An entropy weaver (Spider:1)
  A vault guard (D:14)
  A hydra (Lair:5)
  A radroach (Spider:2)
  5 two-headed ogres
  2 centaur warriors
  6 boulder beetles
  5 demonic crawlers
  A tengu warrior (D:15)
  Sonja (D:10)
  4 pharaoh ants
  A skyshark (Lair:2)
  2 orb spiders (Spider:2)
  A steelbarb worm (Spider:3)
  4 deep elf zephyrmancers (Elf:1)
  A deep elf pyromancer (Elf:1)
  2 wolf spiders
  5 ugly things
  A cyclops (D:15)
  3 nameless horrors
  An elephant (Lair:5)
  A molten gargoyle (Lair:5)
  4 black mambas
  3 kobold blastminers (Orc:2)
  8 cane toads
  An efreet (D:15)
  3 rime drakes
  A kobold demonologist (D:10)
  4 komodo dragons
  3 trolls
  A hornet (D:9)
  10 jumping spiders
  Grinder (D:5)
  3 tarantellas
  5 blink frogs
  A raiju (shapeshifter) (D:13)
  7 dream sheep
  2 culicivoras (Spider:1)
  A wyvern (Lair:5)
  A spriggan (shapeshifter) (D:15)
  14 yaks
  3 humans
  Grum (D:9)
  A fire elemental (Lair:3)
  A warg (Orc:1)
  2 basilisks (Lair:5)
  6 redbacks
  Menkaure (D:7)
  2 steam dragons
  6 water moccasins
  11 orc warriors
  2 ice beasts
  A black bear (Lair:2)
  A tengu (shapeshifter) (D:13)
  6 ogres
  3 boggarts
  5 wolves
  6 centaurs
  11 kobold brigands
  11 bullfrogs
  A scorpion (D:5)
  7 wights
  2 killer bees (D:8)
  6 howler monkeys
  3 electric eels
  3 lava snakes (Lair:5)
  A hound (D:6)
  5 orc priests
  2 bombardier beetles (D:4)
  2 gnoll boudas
  2 iguanas
  14 orc wizards
  21 gnolls
  4 adders
  2 ufetubi (D:6)
  3 dart slugs
  A ribbon worm (D:3)
  48 orcs
  7 endoplasms
  4 giant cockroaches
  7 goblins
  8 hobgoblins
  2 jackals (D:4)
  59 kobolds
  5 quokkas
  11 ball pythons
  9 bats
  3 frilled lizards
  3 rats
452 creatures vanquished.

Vanquished Creatures (collateral kills)
  Saint Roka (Orc:2)
  Rupert (D:14)
  2 emperor scorpions
  Nessos (D:12)
  A war gargoyle (D:15)
  Azrael (Spider:1)
  2 entropy weavers (Spider:3)
  A fire dragon (Lair:5)
  Fannar (Lair:1)
  6 hydras
  5 vault guards (D:14)
  2 catoblepae
  A centaur warrior (D:14)
  A jorogumo (Spider:3)
  An ogre mage (D:15)
  5 boulder beetles
  A deep troll earth mage (D:15)
  5 tengu warriors
  A demonic crawler (Spider:3)
  3 orc high priests (Orc:2)
  4 pharaoh ants
  4 steelbarb worms
  3 orb spiders
  2 lindwurms
  3 orc knights
  An obsidian bat (Orc:1)
  18 ugly things
  4 deep elf zephyrmancers (Elf:1)
  4 wolf spiders
  3 manticores
  A deep elf pyromancer (D:15)
  2 cyclopes
  Maurice (D:7)
  3 elephants
  A kobold blastminer (Orc:2)
  5 black mambas
  2 molten gargoyles (Lair:5)
  5 cane toads
  An unseen horror (D:13)
  3 rime drakes
  7 komodo dragons
  4 kobold demonologists
  An efreet (D:15)
  3 polar bears (Lair:5)
  5 trolls
  12 jumping spiders
  6 tarantellas
  4 blink frogs (Lair:5)
  4 dream sheep (Lair:4)
  2 centaur simulacra
  6 slime creatures
  2 air elementals (Elf:1)
  13 culicivoras
  6 wyverns
  A wraith (D:11)
  A fire elemental (Spider:1)
  2 humans (D:14)
  10 yaks
  A nameless horror (D:14)
  10 basilisks
  2 wargs (Orc:2)
  22 redbacks
  A steam dragon (Lair:5)
  7 vampire mosquitoes (D:13)
  An acid dragon (D:13)
  5 hell hounds
  Duvessa (D:6)
  4 water moccasins
  19 orc warriors
  An ice beast (D:8)
  2 sky beasts
  5 ogres
  A boggart (Lair:5)
  8 wolves
  3 centaurs
  3 kobold brigands
  4 bullfrogs
  4 gnoll sergeants
  2 scorpions
  10 wights
  Dowan (D:6)
  8 killer bees
  2 howler monkeys
  2 electric eels (D:9)
  2 bombardier beetles
  2 lava snakes (Lair:5)
  2 hounds
  A centaur zombie (D:8)
  8 orc priests
  A gnoll bouda (D:6)
  2 sleepcaps
  10 orc wizards
  2 iguanas
  A killer bee zombie (D:8)
  21 gnolls
  2 adders (D:6)
  A shadow imp (D:5)
  2 ufetubi (D:6)
  43 orcs
  4 goblins
  A hobgoblin (Bailey)
  15 kobolds
450 creatures vanquished.

Vanquished Creatures (others)
  A vault guard (D:14)
  A redback (Spider:1)
  A hell hound (Lair:5)
  31 knights
  2 ancestors (D:4)
36 creatures vanquished.

Grand Total: 938 creatures vanquished

Notes
Turn   | Place    | Note
-------+----------+-------------------------------------------
     0 | D:1      | KennySheep the Mountain Dwarf Reaver began the quest for
                  | the Orb.
     0 | D:1      | Reached XP level 1. HP: 17/17 MP: 3/3
   110 | D:1      | Reached XP level 2. HP: 13/25 MP: 5/5
  1119 | D:2      | Reached XP level 3. HP: 28/28 MP: 6/6
  1153 | D:2      | Learned a level 3 spell: Summon Ice Beast
  1438 | D:3      | Gained mutation: Your mind is acute. (Int +4, Str/Dex -1)
                  | [potion of mutation]
  1438 | D:3      | Gained mutation: Your system is resistant to poisons.
                  | (rPois) [potion of mutation]
  1438 | D:3      | Gained mutation: You are frail. (-10% HP) [potion of
                  | mutation]
  1438 | D:3      | Gained mutation: Your natural rate of healing is unusually
                  | fast. [potion of mutation]
  1620 | D:3      | Found a hazy altar of Hepliaklqana.
  1628 | D:3      | Became a worshipper of Hepliaklqana the Forgotten
  1636 | D:3      | Reached skill level 1 in Summonings
  1636 | D:3      | Reached skill level 1 in Ice Magic
  1636 | D:3      | Reached XP level 4. HP: 29/31 MP: 7/7
  1747 | D:3      | Found a stormy altar of Qazlal.
  1763 | D:3      | Found a runed translucent gate.
  1763 | D:3      | Found a runed translucent gate.
  1763 | D:3      | Found a runed translucent gate.
  1765 | D:3      | Noticed champdelmundo's ghost (weakling AtGl)
  1912 | D:3      | Reached XP level 5. HP: 34/37 MP: 9/9
  2112 | D:2      | Reached skill level 2 in Summonings
  2604 | D:3      | Found a snail-covered altar of Cheibriados.
  2887 | D:3      | Reached XP level 6. HP: 41/45 MP: 11/11
  2925 | D:3      | Reached skill level 3 in Summonings
  3124 | D:3      | HP: 1/45 [kobold brigand/+0 club (4)]
  3126 | D:3      | Reached XP level 7. HP: 3/50 MP: 13/13
  3910 | D:4      | Reached * piety under Hepliaklqana
  3910 | D:4      | Found an iron altar of Okawaru.
  3925 | D:4      | Reached skill level 4 in Summonings
  4210 | D:4      | Reached skill level 1 in Armour
  4230 | D:4      | Found a bloodstained altar of Trog.
  4233 | D:4      | Found a white marble altar of Elyvilon.
  4233 | D:4      | Found a hide-covered altar of Uskayaw.
  4236 | D:4      | Found a shimmering blue altar of Sif Muna.
  4566 | D:5      | Entered Level 5 of the Dungeon
  4571 | D:5      | Reached XP level 8. HP: 49/49 MP: 15/15
  4620 | D:5      | Reached skill level 1 in Polearms
  4634 | D:5      | Noticed Grinder
  4661 | D:5      | Paralysed by Grinder for 4 turns
  5178 | D:5      | Killed Grinder
  5179 | D:5      | Reached skill level 5 in Spellcasting
  5179 | D:5      | Reached skill level 5 in Summonings
  5305 | D:5      | Reached ** piety under Hepliaklqana
  5306 | D:5      | Remembered your ancestor Manbus as a knight
  5464 | D:5      | Reached skill level 5 in Ice Magic
  5612 | D:5      | Found a runed translucent door.
  5613 | D:5      | Noticed Crazy Yiuf
  5920 | D:6      | Found a staircase to the Ecumenical Temple.
  5928 | D:6      | Found Biyxe's Antique Armour Boutique.
  5936 | D:6      | Noticed Dowan
  5937 | D:6      | Noticed Duvessa
  5947 | D:6      | Killed Dowan
  5969 | D:6      | Killed Duvessa
  5970 | D:6      | Reached XP level 9. HP: 7/56 MP: 17/17
  6035 | D:6      | Bought a slimy hat for 234 gold pieces
  6035 | D:6      | Identified the +0 hat "Ywoorhen" {^Contam rCorr Dex+9} (You
                  | bought it in a shop on level 6 of the Dungeon)
  6706 | D:7      | Reached skill level 6 in Summonings
  6725 | D:7      | Found a flagged portal.
  6773 | Bailey   | Entered a bailey
  7068 | Bailey   | Reached skill level 5 in Fighting
  7252 | Bailey   | Learned a level 3 spell: Passwall
  7536 | D:7      | Reached skill level 7 in Summonings
  7582 | D:7      | Reached *** piety under Hepliaklqana
  7601 | D:7      | Noticed Maurice
  7624 | D:7      | Killed Maurice
  7625 | D:7      | Reached XP level 10. HP: 66/66 MP: 19/19
  7814 | D:7      | Reached skill level 5 in Armour
  8014 | D:7      | Noticed Menkaure
  8020 | D:7      | Killed Menkaure
  8176 | D:6      | Bought a glowing chain mail for 195 gold pieces
  8367 | D:8      | Found a staircase to the Lair.
  8512 | D:8      | Reached skill level 8 in Summonings
  8597 | D:8      | Reached skill level 5 in Polearms
  8610 | D:8      | Found an ancient bone altar of Kikubaaqudgha.
  8722 | D:8      | Found a sparkling altar of Nemelex Xobeh.
  8839 | D:8      | Found a runed translucent gate.
  8839 | D:8      | Found a runed translucent gate.
  8839 | D:8      | Found a runed translucent gate.
  8839 | D:8      | Noticed Fodor's ghost (novice MiFi)
  8841 | D:8      | Found a basalt altar of Yredelemnul.
  9099 | D:8      | Learned a level 7 spell: Monstrous Menagerie
  9105 | D:8      | Learned a level 5 spell: Summon Mana Viper
  9210 | D:9      | Found a radiant altar of Vehumet.
  9236 | D:9      | Reached skill level 1 in Hexes
  9401 | D:9      | Noticed Grum
  9466 | D:9      | Reached **** piety under Hepliaklqana
  9515 | D:9      | Killed Grum
  9561 | D:9      | Found an opulent altar of Gozag.
  9565 | D:9      | Found Gozag's Platinum Reserve.
  9614 | D:9      | Noticed a two-headed ogre
  9623 | D:9      | Killed a two-headed ogre
  9624 | D:9      | Reached skill level 9 in Summonings
  9624 | D:9      | Reached XP level 11. HP: 61/73 MP: 20/20
 10035 | D:10     | Entered Level 10 of the Dungeon
 10079 | D:10     | Noticed a sun demon
 10221 | D:10     | Noticed a two-headed ogre
 10231 | D:10     | Killed a two-headed ogre
 10332 | D:10     | Noticed lucidstorm14's ghost (journeyman MiBe)
 10333 | D:10     | Found a transporter.
 10334 | D:10     | Noticed an eight-headed hydra
 10358 | D:10     | Found a transporter.
 10425 | D:10     | Noticed Sonja
 10432 | D:10     | Killed Sonja
 10434 | D:10     | Reached skill level 5 in Hexes
 10954 | D:11     | Reached skill level 10 in Summonings
 10961 | D:11     | Noticed a two-headed ogre
 10967 | D:11     | Killed a two-headed ogre
 11090 | D:11     | Noticed a two-headed ogre
 11097 | D:11     | Killed a two-headed ogre
 11310 | D:11     | Noticed a purple ugly thing
 11320 | D:11     | Killed a purple ugly thing
 11504 | D:11     | Reached ***** piety under Hepliaklqana
 11517 | D:11     | Noticed a boulder beetle
 11538 | D:11     | Killed a boulder beetle
 11539 | D:11     | Reached XP level 12. HP: 80/80 MP: 21/21
 11977 | D:12     | Noticed Nessos
 11986 | D:12     | Killed Nessos
 11992 | D:12     | Reached skill level 11 in Summonings
 12589 | D:12     | Found a staircase to the Orcish Mines.
 12819 | Lair:1   | Entered Level 1 of the Lair of Beasts
 12946 | Lair:1   | Reached skill level 12 in Summonings
 13017 | Lair:1   | You are sucked into a shaft and drop 1 floor!
 13556 | Lair:1   | Noticed Fannar
 13567 | Lair:1   | Killed Fannar
 13568 | Lair:1   | Reached skill level 13 in Summonings
 13692 | Lair:1   | Noticed a boulder beetle
 13716 | Lair:1   | Killed a boulder beetle
 13950 | Lair:2   | Found a staircase to the Shoals.
 14156 | Lair:2   | Reached XP level 13. HP: 83/85 MP: 25/25
 14663 | Lair:3   | Identified the +2 plate armour of the Kodama {rPois rCorr
                  | Str-4 SInv}
 14705 | Lair:3   | Found a hole to the Spider Nest.
 14758 | Lair:3   | Reached skill level 14 in Summonings
 15596 | Lair:4   | Found a runed translucent door.
 15597 | Lair:4   | Found a shimmering altar of Xom.
 15597 | Lair:4   | Noticed Agan's ghost (journeyman MeSh)
 15664 | Lair:4   | Reached ****** piety under Hepliaklqana
 16141 | Lair:5   | Entered Level 5 of the Lair of Beasts
 16564 | Lair:5   | Found a runed translucent door.
 16611 | Lair:5   | Found a staircase to the Slime Pits.
 16611 | Lair:5   | Noticed an azure jelly
 16628 | Lair:5   | Reached skill level 15 in Summonings
 17204 | Orc:1    | Entered Level 1 of the Orcish Mines
 17466 | Orc:2    | Entered Level 2 of the Orcish Mines
 17466 | Orc:2    | Noticed an ettin
 17482 | Orc:2    | Killed an ettin
 17584 | Orc:2    | Reached XP level 14. HP: 92/92 MP: 27/27
 17608 | Orc:2    | Found a roughly hewn altar of Beogh.
 17640 | Orc:2    | Found a staircase to the Elven Halls.
 17757 | Orc:1    | Found Moja's Magic Scroll Shop.
 17763 | Orc:1    | Bought a scroll of fear for 60 gold pieces
 17763 | Orc:1    | Bought a scroll of revelation for 112 gold pieces
 17763 | Orc:1    | Bought a scroll of fear for 60 gold pieces
 17763 | Orc:1    | Bought 3 scrolls of identify for 90 gold pieces
 17763 | Orc:1    | Bought a scroll of identify for 30 gold pieces
 17931 | Orc:1    | Found Kiawneo's Antique Weapon Boutique.
 17971 | Orc:1    | Found Geody's Distillery.
 18055 | Orc:1    | Found Sathulimm's Book Shop.
 18350 | Orc:2    | Found a roughly hewn altar of Beogh.
 18377 | Orc:2    | Found Tahoan's Jewellery Shoppe.
 18996 | Orc:2    | Found a roughly hewn altar of Beogh.
 19194 | Orc:2    | Reached skill level 16 in Summonings
 19201 | Orc:2    | Found a roughly hewn altar of Beogh.
 19226 | Orc:2    | Found Pymebem's Antique Weapon Shop.
 19254 | Orc:2    | Found a roughly hewn altar of Beogh.
 19307 | Orc:2    | Reached skill level 10 in Armour
 19368 | Orc:2    | Noticed Jorgrun
 19374 | Orc:2    | Noticed Saint Roka
 19844 | D:13     | Reached skill level 10 in Spellcasting
 19938 | D:13     | Found a runed translucent gate.
 19939 | D:13     | Found a runed translucent gate.
 19939 | D:13     | Found an opulent altar of Gozag.
 19940 | D:13     | Found a runed translucent gate.
 19941 | D:13     | Noticed spaghetti's ghost (journeyman NaCK)
 19945 | D:13     | Found Soacleno's Assorted Antiques.
 20633 | D:14     | Identified the maw talisman "Jilyhyulur" {rF- rCorr Dex+5}
 20633 | D:14     | Noticed Rupert
 20646 | D:15     | Entered Level 15 of the Dungeon
 21562 | Lair:5   | Reached skill level 17 in Summonings
 22018 | Lair:5   | Found a large runed translucent door.
 22018 | Lair:5   | Found a large runed translucent door.
 22382 | Lair:5   | Reached XP level 15. HP: 89/96 MP: 29/29
 22965 | Orc:2    | Killed Jorgrun
 23660 | Orc:2    | Killed Saint Roka
 23699 | Orc:2    | Found Decioko's Antique Weapon Emporium.
 23700 | Orc:2    | Found a roughly hewn altar of Beogh.
 23703 | Orc:2    | Found Kamater's Antique Armour Shoppe.
 23916 | Orc:1    | Found Xuetruid's Antique Weapon Boutique.
 23921 | Orc:1    | Bought a masterwork glaive for 368 gold pieces
 23921 | Orc:1    | Identified the +8 glaive "Newtslayer" {heavy, rPois rN+}
                  | (You bought it in a shop on level 1 of the Orcish Mines)
 23985 | Orc:2    | Bought a distressingly furry ring mail for 288 gold pieces
 23985 | Orc:2    | Identified the +0 ring mail "Nuthuz Teuxt" {rC+ rN++ Int-2}
                  | (You bought it in a shop on level 2 of the Orcish Mines)
 24058 | Orc:1    | Bought a book of the Dragon for 504 gold pieces
 24068 | Orc:1    | Learned a level 9 spell: Dragon's Call
 24133 | Orc:2    | Bought a glowing scarf for 256 gold pieces
 24688 | D:14     | Found a gate to the Vaults.
 25165 | D:15     | Reached XP level 16. HP: 103/103 MP: 30/30
 25569 | D:14     | Paralysed by Rupert for 3 turns
 25571 | D:14     | Killed Rupert
 26679 | D:15     | Reached skill level 10 in Polearms
 26801 | D:15     | Found a staircase to the Depths.
 26861 | D:15     | Reached skill level 18 in Summonings
 27204 | D:15     | Identified the +1 ring mail of Qukhuiwk {rF+++ rC- Int-4
                  | Dex+6}
 27554 | Spider:1 | Entered Level 1 of the Spider Nest
 28723 | Spider:1 | Noticed Frances
 28969 | Spider:1 | Killed Frances
 29687 | Spider:1 | Noticed Azrael
 29762 | Spider:1 | Killed Azrael
 30090 | Spider:2 | Reached XP level 17. HP: 91/110 MP: 11/32
 31197 | Orc:1    | Bought a book of Blood for 336 gold pieces
 31205 | Orc:1    | Learned a level 7 spell: Summon Hydra
 33178 | Spider:3 | Reached skill level 10 in Fighting
 33425 | Spider:3 | Identified the +1 ring mail "Cick" {Will+}
 33513 | Spider:4 | Entered Level 4 of the Spider Nest
 33860 | Elf:1    | Entered Level 1 of the Elven Halls
 33865 | Elf:1    | Paralysed by an air elemental for 1 turns
 34177 | Elf:1    | Slain by a +1 scimitar of electrocution

Illustrated notes

Levels and vault maps discovered:
D:1:      roadster_arrival_rocket_small, layout_basic, moated_statue
D:2:      layout_basic
D:3:      minmay_goblin_kobold_castle, layout_rooms, cheibrodos_worm_habitat,
          grunt_qazlal_clouds, nicolae_overflow_crystal_walls,
          gammafunk_ghost_necromancy
D:4:      layout_gridville, grunt_temple_overflow_open,
          okawaru_ov_weapons_minmay, grunt_ministairs_8
D:5:      layout_rooms, hangedman_decor_points, minmay_misc_feat_five,
          supply_closet_lemuel, uniq_crazy_yiuf_cottage, uniq_grinder
D:6:      layout_gridville, minmay_temple_entry_statues_pillars, serial_shops,
          shop, solitary_fountain, minmay_misc_feat_rows, roderic_lattice_a,
          uniq_duvessa
D:7:      layout_loops_cross, enter_bailey_3, uniq_maurice, uniq_menkaure
D:8:      layout_loops_ring, mainiacjoe_overflow_chevrons,
          nicolae_yredelemnul_ghost_church, kiku_gazebo_garden_becter,
          lair_entry_dummy
D:9:      layout_roguey, old_standard_altar, nicolae_gozag_zags_fifth_avenue,
          serial_bayou, serial_bayou_pond_c, serial_bayou_ford_a,
          serial_bayou_shore_b, serial_bayou_shore_a, uniq_grum
D:10:     layout_basic, gammafunk_ghost_arena, uniq_sonja
D:11:     layout_basic, kennysheep_path_1
D:12:     layout_roguey, orc_0_dummy, uniq_nessos
D:13:     layout_roguey, ebering_ghost_gozag
D:14:     layout_long_grid, ximxim_vaults_locker_room, uniq_rupert
D:15:     hellmonk_depths_entry_around_the_bend, layout_cave_pods,
          grunt_decor_one_mirror
Lair:1:   layout_roguey, uniq_fannar
Lair:2:   layout_misc_corridors, elwin_shoals_entry_rooms, grunt_megastairs_4,
          lemuel_fruit_tree
Lair:3:   layout_big_grid, spider_nest_entry_web_field
Lair:4:   layout_layer_cave, ebering_ghost_xom, grunt_megastairs_2,
          serial_bayou_shore_b
Lair:5:   cheibrodos_lair_end_hotspot, layout_cellular_growth, slime_entry_2,
          kilobyte_rumbling_trees
Spider:1: layout_chambers, drop_trap, guppyfry_spider_mini_1, uniq_azrael,
          uniq_frances
Spider:2: layout_chambers
Spider:3: layout_spider_delve, nicolae_spider_jagged_tunnels
Spider:4: hellmonk_spider_rune_endless_swarm
Orc:1:    layout_diamond_mine, serial_shops, shop, shop, shop,
          nicolae_shop_real_fake_doors, nicolae_square_shop
Orc:2:    grunt_orc_community_town_hall, layout_caves,
          grunt_orc_community_big_house_2, grunt_orc_community_big_house_2,
          grunt_orc_community_house_3, grunt_orc_community_house_2,
          grunt_orc_community_house_1, grunt_orc_community_house_3, uniq_jorgrun
Elf:1:    nicolae_elf_arrival_aired_out, layout_loops_corners,
          minmay_elf_annihilation, uniq_roxanne

Skill      XL: |  1  2  3  4  5  6  7  8  9 10 11 12 13 14 15 16 17 |
---------------+----------------------------------------------------+-----
Spellcasting   | 2 3 4 5 6 8 9 10 11 | 11.6
Conjurations   | 3 |  3.1
Summonings     | 1 2 3 4 5 7 9 10 13 15 17 18 | 18.8
Ice Magic      | 1 2 3 4 5 |  5.4
Armour         | 1 3 4 6 7 9 11 12 | 12.7
Fighting       | 4 5 7 8 9 10 | 10.1
Polearms       | 2 4 5 6 9 10 11 | 11.7
Hexes          | 3 6 |  6.0
Dodging        | 2 3 |  3.5
Maces & Flails | |  3.6
Staves         | |  0.3

Action                     |  1- 3 |  4- 6 |  7- 9 | 10-12 | 13-15 | 16-18 || total
---------------------------+-------+-------+-------+-------+-------+-------++-------
  Melee: Mace              |    36 |       |       |       |       |       ||    36
         Quarterstaff      |    41 |       |       |       |       |       ||    41
         Whip              |    57 |   263 |   254 |       |       |       ||   574
         Halberd           |       |       |   158 |   236 |       |       ||   394
         Trident           |       |       |       |   278 |   873 |    28 ||  1179
         Spear             |       |       |       |    15 |       |       ||    15
         Glaive            |       |       |       |       |    30 |   194 ||   224
  Throw: Throwing net      |       |     1 |       |       |       |       ||     1
   Cast: Kiss of Death     |     2 |       |       |       |       |       ||     2
         Summon Ice Beast  |       |       |    20 |    30 |    51 |     4 ||   105
         Summon Mana Viper |       |       |       |    15 |    47 |    12 ||    74
         Monstrous Menager |       |       |       |       |    24 |    73 ||    97
         Summon Hydra      |       |       |       |       |       |    17 ||    17
 Invoke: Ancestor Identity |       |       |     1 |     1 |       |       ||     2
         Ancestor Life: Kn |       |       |     1 |       |       |       ||     1
         Recall Ancestor   |       |       |       |       |     3 |       ||     3
  Evoke: Wand              |       |       |       |       |     2 |       ||     2
    Use: Potion            |     4 |     7 |     2 |     1 |     5 |     4 ||    23
         Scroll            |     2 |     3 |     6 |     7 |    10 |     4 ||    32
   Stab: Distracted        |       |       |     4 |    10 |    17 |     7 ||    38
         Held in net/web   |       |       |       |       |     1 |       ||     1
 Armour: Leather armour    |    53 |       |       |       |       |       ||    53
         Ring mail         |    58 |   159 |   231 |       |       |       ||   448
         Skin              |       |    31 |       |       |       |       ||    31
         Plate armour      |       |       |    33 |    21 |   634 |    47 ||   735
         Chain mail        |       |       |       |   234 |    28 |       ||   262
         Acid dragon scale |       |       |       |       |       |   294 ||   294
  Dodge: Dodged            |    82 |   114 |   158 |   100 |    98 |   135 ||   687
  Block: Other             |       |       |       |       |       |    28 ||    28

Table legend: (Time is in decaauts)
 A = Elapsed time spent in this place.
 B = Non-inter-level travel time spent in this place.
 C = Inter-level travel time spent in this place.
 D = Time resting spent in this place.
 E = Time spent auto-exploring this place.
 F = Levels seen in this place.
 G = Mean time per level.
                   A        B        C        D        E       F      G
               +--------+--------+--------+--------+--------+-----+--------+
         Total |  34465 |  30204 |   4261 |   4735 |  16829 |  28 | 1230.9 |
       Dungeon |  17800 |  15449 |   2351 |   1845 |   8960 |  15 | 1186.7 |
          Lair |   6666 |   5770 |    896 |   1123 |   3156 |   5 | 1333.2 |
   Spider Nest |   5187 |   4941 |    246 |    776 |   3277 |   4 | 1296.8 |
  Orcish Mines |   3752 |   2985 |    767 |    684 |   1105 |   2 | 1876.0 |
   Elven Halls |    326 |    326 |      0 |     67 |    162 |   1 |  326.0 |
        Bailey |    733 |    733 |      0 |    239 |    169 |   1 |  733.0 |
               +--------+--------+--------+--------+--------+-----+--------+

Top non-repeatable levels by time:
   Orc:2: 2287 daAuts
Spider:1: 2252 daAuts
     D:3: 1894 daAuts
  Lair:5: 1804 daAuts
    D:14: 1764 daAuts
  Lair:4: 1655 daAuts
Spider:2: 1557 daAuts
   Orc:1: 1465 daAuts
    D:10: 1414 daAuts
    D:11: 1382 daAuts
Spider:3: 1375 daAuts
    D:13: 1362 daAuts
    D:15: 1331 daAuts
  Lair:3: 1204 daAuts
  Lair:2: 1144 daAuts
